A+ - U26
MARTINEZ CLIPPERS @ SAN JOSE GIANTS
05/30/2063
 
TOP OF THE 1ST
Napa Silverados batting - Pitching for San Jose Giants : LHP Jack Jordan
Pitching: LHP Jack Jordan
Batting: LHB Trenton Haugh 0-0: Swinging Strike
0-1: Ball
1-1: Ball
2-1: Foul Ball, location: 2F
2-2: Ball
3-2: Foul Ball, location: 2F
3-2: Foul Ball, location: 5FF
3-2: Fly out, F9 (Line Drive, 9, EV 95.6 MPH)
Batting: RHB Jason Ziogas 0-0: Swinging Strike
0-1: Ball
1-1: Ball
2-1: Foul Ball, location: 23F
2-2: Ball
3-2: Base on Balls
Batting: LHB Gregorix Briseno 0-0: SINGLE (Flyball, 8LS, EV 94.4 MPH)
Jason Ziogas to second
Batting: RHB Ethan Hicks 0-0: Called Strike
0-1: Ball
1-1: Fly out, F8 (Flyball, 8RM, EV 85.0 MPH)
Batting: RHB Simon Westerhaus 0-0: Ball
1-0: Called Strike
1-1: Ball
2-1: Ball
3-1: Base on Balls
Jason Ziogas to third
Gregorix Briseno to second
Batting: LHB C.J. Zorola 0-0: Ball
1-0: Ball
2-0: Foul Ball, location: 7LDF
2-1: DOUBLE (Line Drive, 9LS, EV 99.4 MPH)
Jason Ziogas scores
Gregorix Briseno scores
Simon Westerhaus to third
Batting: RHB Shannon Greer 0-0: Foul Ball, location: 25F
0-1: Ball
1-1: Ball
2-1: Swinging Strike
2-2: Strikes out swinging
Top of the 1st over - 2 runs, 2 hits, 0 errors, 2 left on base; Napa 2 - San Jose 0
BOTTOM OF THE 1ST
San Jose Giants batting - Pitching for Napa Silverados : RHP Rey De La Rosa
Pitching: RHP Rey De La Rosa
Batting: LHB Levi Pierce 0-0: Called Strike
0-1: Called Strike
0-2: Strikes out swinging
Batting: SHB Bruno Cueto 0-0: Ball
1-0: Ball
2-0: Ball
3-0: Base on Balls
Batting: RHB Dustin Tate 0-0: Fielders Choice at 2nd, 6-4 (Groundball, 6, EV 101.3 MPH)
Batting: LHB Amaral Rojo 0-0: Foul Ball, location: 2F
0-1: Called Strike
0-2: Ball
1-2: Ball
Dustin Tate is caught stealing 2nd base 2-6
Bottom of the 1st over - 0 runs, 0 hits, 0 errors, 0 left on base; Napa 2 - San Jose 0
TOP OF THE 2ND
Napa Silverados batting - Pitching for San Jose Giants : LHP Jack Jordan
Batting: LHB Sterling Siegrist 0-0: Ball
1-0: Called Strike
1-1: Fly out, F7 (Flyball, 78M, EV 85.0 MPH)
Batting: LHB Quilino Toledo 0-0: Ball
1-0: Ball
2-0: Ball
3-0: Base on Balls
Batting: LHB Trenton Haugh 0-0: Ball
1-0: Called Strike
1-1: Called Strike
1-2: Fielders Choice at 2nd, 1-4 (Groundball, 15S, EV 66.9 MPH)
Batting: RHB Jason Ziogas 0-0: Ball
1-0: Foul Ball, location: 5F
1-1: Ball
2-1: Ball
3-1: SINGLE (Line Drive, 6MD, EV 99.4 MPH)
Trenton Haugh to second
Runner from 2nd tries for 3rd, SAFE, no throw by CF
Batting: LHB Gregorix Briseno 0-0: Called Strike
0-1: Ball
1-1: Fly out, F8 (Line Drive, 8LM, EV 102.5 MPH)
Top of the 2nd over - 0 runs, 1 hit, 0 errors, 2 left on base; Napa 2 - San Jose 0
BOTTOM OF THE 2ND
San Jose Giants batting - Pitching for Napa Silverados : RHP Rey De La Rosa
Batting: LHB Amaral Rojo 0-0: Ball
1-0: Swinging Strike
1-1: Foul Ball, location: 2F
1-2: Ball
2-2: Ball
3-2: Base on Balls
Batting: RHB Zavier Austin 0-0: Called Strike
0-1: SINGLE (Groundball, 4M, EV 77.5 MPH) (infield hit)
Amaral Rojo to second
Batting: RHB Raymon Chacon 0-0: Called Strike
0-1: Fielders Choice at 2nd, 4-6 (Groundball, 4S, EV 82.5 MPH)
Amaral Rojo to third
Batting: RHB Nicky Rau 0-0: Swinging Strike
0-1: Fielders Choice at 2nd, 6-4 (Groundball, 56, EV 107.5 MPH)
Amaral Rojo scores
Batting: LHB Justin Medeiros 0-0: Called Strike
0-1: Ball
1-1: Ball
2-1: Fly out, F5 (Popup, 25F, EV 89.4 MPH)
Bottom of the 2nd over - 1 run, 1 hit, 0 errors, 1 left on base; Napa 2 - San Jose 1
TOP OF THE 3RD
Napa Silverados batting - Pitching for San Jose Giants : LHP Jack Jordan
Batting: RHB Ethan Hicks 0-0: Ball
1-0: Swinging Strike
1-1: Ball
2-1: Foul Ball, location: 9LSF
2-2: Ball
3-2: Base on Balls
Batting: RHB Simon Westerhaus 0-0: Ball
1-0: Ball
2-0: Ball
3-0: Base on Balls
Ethan Hicks to second
Batting: LHB C.J. Zorola 0-0: Ball
1-0: Foul Ball, location: 7LDF
1-1: Ball
2-1: Bunt missed!
2-2: Ball
3-2: Foul Ball, location: 9LMF
3-2: Fielders Choice at 2nd, 1-6 (Groundball, 13S, EV 64.4 MPH)
Ethan Hicks to third
Batting: RHB Shannon Greer 0-0: Called Strike
0-1: Fly out, F7 (Flyball, 7S, EV 86.9 MPH)
Batting: LHB Sterling Siegrist 0-0: Ball
1-0: Ball
2-0: Ground out 4-3 (Groundball, 4, EV 97.5 MPH)
Top of the 3rd over - 0 runs, 0 hits, 0 errors, 2 left on base; Napa 2 - San Jose 1
BOTTOM OF THE 3RD
San Jose Giants batting - Pitching for Napa Silverados : RHP Rey De La Rosa
Batting: RHB J.R. Tshudy 0-0: Called Strike
0-1: Swinging Strike
0-2: Foul Ball, location: 2F
0-2: Ball
1-2: Strikes out swinging
Batting: LHB Levi Pierce 0-0: Ground out 4-3 (Groundball, 4, EV 79.4 MPH)
Batting: SHB Bruno Cueto 0-0: Called Strike
0-1: Swinging Strike
0-2: Strikes out swinging
Bottom of the 3rd over - 0 runs, 0 hits, 0 errors, 0 left on base; Napa 2 - San Jose 1
TOP OF THE 4TH
Napa Silverados batting - Pitching for San Jose Giants : LHP Jack Jordan
Batting: LHB Quilino Toledo 0-0: Called Strike
0-1: Foul Ball, location: 3DF
0-2: DOUBLE (Flyball, 89D, EV 110.0 MPH)
Batting: LHB Trenton Haugh 0-0: Called Strike
0-1: Ball
1-1: Foul Ball, location: 5FF
1-2: Foul Ball, location: 7LDF
1-2: Ball
2-2: Foul Ball, location: 5F
2-2: Ground out 6-3 (Groundball, 6, EV 86.9 MPH)
Quilino Toledo to third
Batting: RHB Jason Ziogas 0-0: Foul Ball, location: 9LSF
0-1: Fly out, F8 (Line Drive, 89D, EV 91.3 MPH)
Runner from 3rd tags up, SCORES, no throw by CF
Batting: LHB Gregorix Briseno 0-0: Ball
1-0: Ball
2-0: Ball
3-0: Called Strike
3-1: Called Strike
3-2: Base on Balls
Batting: RHB Ethan Hicks 0-0: Called Strike
0-1: Ball
1-1: Fly out, F3 (Popup, 34S, EV 84.4 MPH)
Top of the 4th over - 1 run, 1 hit, 0 errors, 1 left on base; Napa 3 - San Jose 1
BOTTOM OF THE 4TH
San Jose Giants batting - Pitching for Napa Silverados : RHP Rey De La Rosa
Batting: RHB Dustin Tate 0-0: Ball
1-0: Ball
2-0: Foul Ball, location: 2F
2-1: Ground out 4-3 (Groundball, 4, EV 86.9 MPH)
Batting: LHB Amaral Rojo 0-0: Swinging Strike
0-1: Ball
1-1: Fly out, F7 (Flyball, 7LD, EV 105.0 MPH)
Batting: RHB Zavier Austin 0-0: Called Strike
0-1: Ball
1-1: Fly out, F5 (Line Drive, 5L, EV 68.8 MPH)
Bottom of the 4th over - 0 runs, 0 hits, 0 errors, 0 left on base; Napa 3 - San Jose 1
TOP OF THE 5TH
Napa Silverados batting - Pitching for San Jose Giants : LHP Jack Jordan
Batting: RHB Simon Westerhaus 0-0: Called Strike
0-1: Foul Ball, location: 25FF
0-2: Strikes out swinging
Batting: LHB C.J. Zorola 0-0: Ball
1-0: Foul Ball, location: 5F
1-1: Foul Ball, location: 2F
1-2: Foul Ball, location: 7LSF
1-2: Strikes out swinging
Pitching: RHP Chase Cumbrian
Batting: RHB Shannon Greer 0-0: Ball
1-0: SINGLE (Groundball, 34D, EV 96.9 MPH)
Batting: LHB Sterling Siegrist 0-0: Swinging Strike
0-1: Foul Ball, location: 2F
0-2: Ball
1-2: Foul Ball, location: 23F
1-2: Foul Ball, location: 2F
1-2: Strikes out swinging
Top of the 5th over - 0 runs, 1 hit, 0 errors, 1 left on base; Napa 3 - San Jose 1
BOTTOM OF THE 5TH
San Jose Giants batting - Pitching for Napa Silverados : RHP Rey De La Rosa
Batting: RHB Raymon Chacon 0-0: Called Strike
0-1: Ball
1-1: Fly out, F8 (Flyball, 8LD, EV 101.3 MPH)
Batting: RHB Nicky Rau 0-0: Ball
1-0: Swinging Strike
1-1: Ball
2-1: Ball
3-1: Foul Ball, location: 2F
3-2: Reached on error, E6 (Groundball, 6, EV 84.4 MPH)
Batting: LHB Justin Medeiros 0-0: Foul Ball, location: 23F
0-1: Called Strike
0-2: Strikes out swinging
Batting: RHB J.R. Tshudy 0-0: Called Strike
0-1: Ball
1-1: Ball
2-1: Ground out U3 (Groundball, 3L, EV 109.4 MPH)
Bottom of the 5th over - 0 runs, 0 hits, 1 error, 1 left on base; Napa 3 - San Jose 1
TOP OF THE 6TH
Napa Silverados batting - Pitching for San Jose Giants : RHP Chase Cumbrian
Batting: LHB Quilino Toledo 0-0: Ball
1-0: SINGLE (Line Drive, 7LS, EV 93.8 MPH)
Batting: LHB Trenton Haugh 0-0: Ball
1-0: Called Strike
1-1: Fielders Choice at 2nd, 5-4 (Groundball, 5, EV 86.3 MPH)
Batting: RHB Jason Ziogas 0-0: Ball
1-0: Called Strike
1-1: SINGLE (Flyball, 8LS, EV 95.6 MPH)
Trenton Haugh to second
Batting: LHB Gregorix Briseno 0-0: Fielders Choice at 2nd, U6 (Groundball, 4M, EV 83.8 MPH)
Trenton Haugh to third
Batting: RHB Ethan Hicks 0-0: Fly out, F8 (Flyball, 8RM, EV 98.1 MPH)
Top of the 6th over - 0 runs, 2 hits, 0 errors, 2 left on base; Napa 3 - San Jose 1
BOTTOM OF THE 6TH
San Jose Giants batting - Pitching for Napa Silverados : RHP Rey De La Rosa
Batting: LHB Levi Pierce 0-0: Ball
1-0: Ball
2-0: Ball
3-0: Called Strike
3-1: Base on Balls
Batting: SHB Bruno Cueto 0-0: Ball
1-0: Swinging Strike
1-1: Ground out 4-3 (Groundball, 4S, EV 83.1 MPH)
Levi Pierce to second
Batting: RHB Dustin Tate 0-0: Fielders Choice at 3rd, 6-5 (Groundball, 6, EV 101.9 MPH)
Batting: LHB Amaral Rojo 0-0: Foul Ball, location: 7LSF
0-1: Ball
1-1: Fly out, F2 (Popup, 15S, EV 81.9 MPH)
Bottom of the 6th over - 0 runs, 0 hits, 0 errors, 1 left on base; Napa 3 - San Jose 1
TOP OF THE 7TH
Napa Silverados batting - Pitching for San Jose Giants : RHP Chase Cumbrian
Batting: RHB Simon Westerhaus 0-0: Called Strike
0-1: Swinging Strike
0-2: DOUBLE (Line Drive, 89M, EV 89.4 MPH)
Batting: LHB C.J. Zorola 0-0: Ball
1-0: Called Strike
1-1: Foul Ball, location: 25FF
1-2: Ball
2-2: Fly out, F7 (Flyball, 7, EV 80.6 MPH)
Batting: RHB Shannon Greer 0-0: Ball
1-0: Foul Ball, location: 2F
1-1: Ball
Wild Pitch!
Simon Westerhaus to third
2-1: Ball
3-1: Ground out 6-3 (Groundball, 6, EV 107.5 MPH)
Batting: LHB Sterling Siegrist 0-0: Ball
1-0: Swinging Strike
1-1: Swinging Strike
1-2: Ball
2-2: Strikes out swinging
Top of the 7th over - 0 runs, 1 hit, 0 errors, 1 left on base; Napa 3 - San Jose 1
BOTTOM OF THE 7TH
San Jose Giants batting - Pitching for Napa Silverados : RHP Rey De La Rosa
Batting: RHB Zavier Austin 0-0: Ball
1-0: Called Strike
1-1: Ground out 4-3 (Groundball, 4, EV 108.8 MPH)
Batting: RHB Raymon Chacon 0-0: Ball
1-0: Foul Ball, location: 3FF
1-1: Swinging Strike
1-2: Foul Ball, location: 2F
1-2: Foul Ball, location: 3F
1-2: Ball
2-2: Ball
3-2: Foul Ball, location: 2F
3-2: Foul Ball, location: 2F
3-2: Base on Balls
Batting: RHB Nicky Rau 0-0: Ball
1-0: Grounds into double play, 5-4-3 (Groundball, 56, EV 87.5 MPH)
Bottom of the 7th over - 0 runs, 0 hits, 0 errors, 0 left on base; Napa 3 - San Jose 1
TOP OF THE 8TH
Napa Silverados batting - Pitching for San Jose Giants : RHP Chase Cumbrian
Batting: LHB Quilino Toledo 0-0: Ball
1-0: SINGLE (Line Drive, 56, EV 95.6 MPH)
Pitching: RHP Brad Carder
Batting: LHB Trenton Haugh 0-0: Ball
1-0: Bunted foul
1-1: Bunted foul
1-2: Ball
2-2: Fly out, F7 (Flyball, 7D, EV 103.1 MPH)
Batting: RHB Jason Ziogas 0-0: Ball
1-0: Ball
2-0: Ball
3-0: Base on Balls
Quilino Toledo to second
Batting: LHB Gregorix Briseno 0-0: Called Strike
0-1: Ball
1-1: Ball
2-1: Fly out, F7 (Flyball, 78D, EV 95.0 MPH)
Batting: RHB Ethan Hicks 0-0: Called Strike
0-1: Called Strike
0-2: Strikes out swinging, 2-3 out at first.
Top of the 8th over - 0 runs, 1 hit, 0 errors, 2 left on base; Napa 3 - San Jose 1
BOTTOM OF THE 8TH
San Jose Giants batting - Pitching for Napa Silverados : RHP Rey De La Rosa
Now in LF: Trenton Haugh
Now in RF: Nick Lyon
Batting: LHB Justin Medeiros 0-0: Foul Ball, location: 7LDF
0-1: DOUBLE (Flyball, 8LXD, EV 101.9 MPH)
Pinch Hitting: RHB Eric Brewster 0-0: Ball
1-0: Ground out 4-3 (Groundball, 4MS, EV 82.5 MPH)
Batting: LHB Levi Pierce 0-0: Foul Ball, location: 9LMF
0-1: Called Strike
0-2: Foul Ball, location: 2F
0-2: Ball
1-2: Foul Ball, location: 7LDF
1-2: Ball
2-2: Fly out, F8 (Flyball, 78M, EV 75.6 MPH)
Pitching: RHP Juan Avina
Now in LF: Aimar Estrada
Now in CF: Trenton Haugh
Batting: SHB Bruno Cueto 0-0: Ball
1-0: Foul Ball, location: 23F
1-1: Called Strike
1-2: Ground out 4-3 (Groundball, 4M, EV 103.1 MPH)
Bottom of the 8th over - 0 runs, 1 hit, 0 errors, 1 left on base; Napa 3 - San Jose 1
TOP OF THE 9TH
Napa Silverados batting - Pitching for San Jose Giants : RHP Brad Carder
Now in LF: Zavier Austin
Now in CF: Eric Brewster
Now in RF: Dustin Tate
Batting: RHB Aimar Estrada 0-0: Foul Ball, location: 2F
0-1: Ball
1-1: Swinging Strike
1-2: Ball
2-2: Ball
3-2: Foul Ball, location: 9LMF
3-2: Strikes out swinging
Batting: LHB C.J. Zorola 0-0: Ball
1-0: Called Strike
1-1: Foul Ball, location: 2F
1-2: Strikes out swinging
Batting: RHB Shannon Greer 0-0: SINGLE (Flyball, 78S, EV 93.8 MPH)
Batting: LHB Sterling Siegrist 0-0: Fly out, F9 (Flyball, 89D, EV 93.1 MPH)
Top of the 9th over - 0 runs, 1 hit, 0 errors, 1 left on base; Napa 3 - San Jose 1
BOTTOM OF THE 9TH
San Jose Giants batting - Pitching for Napa Silverados : RHP Juan Avina
Pitching: RHP Allen Gallegos
Batting: RHB Dustin Tate 0-0: Ball
1-0: Fly out, F9 (Flyball, 89M, EV 88.8 MPH)
Batting: LHB Amaral Rojo 0-0: Ball
1-0: Foul Ball, location: 7LDF
1-1: Ball
2-1: Called Strike
2-2: SOLO HOME RUN (Flyball, 7D, EV 98.1 MPH), Distance : 378 ft
Batting: RHB Zavier Austin 0-0: Ball
1-0: Ball
2-0: Ball
3-0: Called Strike
3-1: Ground out 6-3 (Groundball, 6S, EV 86.9 MPH)
Batting: RHB Raymon Chacon 0-0: Foul Ball, location: 7LSFF
0-1: Fly out, F8 (Flyball, 8RM, EV 95.0 MPH)
Bottom of the 9th over - 1 run, 1 hit, 0 errors, 0 left on base; Napa 3 - San Jose 2
Thursday, May 29th , 2025 - OOTP Baseball 25.11 Build 104